 Dungeon Sprint DCSS version 0.30.1-9-gdf580d7c3d (webtiles) character file.

Game seed: 13348422766454707685

1078 Heoruswealwe the Spear-Bearer (level 8, 0/82 HPs)
             Began as a Minotaur Fighter on Oct 5, 2023.
             Was an Initiate of Gozag.
             Slain by a troll (6 damage)
             ... in the Dungeon (Sprint IX: "|||||||||||||||||||||||||||||").
             The game lasted 00:02:52 (345 turns).

Heoruswealwe the Spear-Bearer (Minotaur Fighter)     Turns: 345, Time: 00:02:53

Health: 0/82       AC: 19    Str: 28    XL:     8   Next: 8%
Magic:  7/7        EV: 10    Int:  5    God:    Gozag
Gold:   675        SH:  0    Dex: 11    Spells: 7/7 levels left

rFire   . . .        b - +2 halberd (protect)
rCold   . . .        (shield currently unavailable)
rNeg    . . .        c - +2 ring mail
rPois   .            (helmet restricted)
rElec   .            (no cloak)
rCorr   .            f - +0 pair of gloves
SInv    .            e - +0 pair of boots
Will    .....        (no amulet)
Stlth   +            k - +3 ring of strength
HPRegen 0.33/turn    j - +3 ring of strength
MPRegen 0.10/turn

%: no teleportation
@: under a protective aura
A: horns 2, retaliatory headbutt
a: Renounce Religion, Potion Petition, Call Merchant, Bribe Branch


You were in the Dungeon.
You worshipped Gozag.
Gozag was pleased with you.
You visited 1 branch You collected 675 gold pieces.

Inventory:

Hand Weapons
 a - a +0 trident
 b - a +2 halberd of protection (weapon)
Armour
 c - a +2 ring mail (worn)
 d - a +0 buckler
 e - a +0 pair of boots (worn)
 f - a +0 pair of gloves (worn)
Jewellery
 j - a +3 ring of strength (right hand)
 k - a +3 ring of strength (left hand)
Wands
 h - a wand of quicksilver (10)
Scrolls
 o - 2 scrolls of blinking
Potions
 g - a potion of haste
 i - a potion of berserk rage
 l - 2 potions of heal wounds
 m - 5 potions of curing
 n - a potion of might


   Skills:
 + Level 11.2 Fighting
 * Level 14.9 Polearms
 + Level 11.2 Armour
 - Level 3.6 Shields


You had 7 spell levels left.
You didn't know any spells.
Your spell library was empty.

Dungeon Overview and Level Annotations

Branches:
Dungeon (1/1)

Altars:
Cheibriados
Dithmenos
Elyvilon
Fedhas
Gozag
Hepliaklqana
Kikubaaqudgha
Makhleb
Nemelex Xobeh
Okawaru
Qazlal
Ru
Sif Muna
Trog
Uskayaw
Vehumet
Wu Jian
Xom
Yredelemnul
Zin
The Shining One
Jiyva
Lugonu


Innate Abilities, Weirdness & Mutations

You have a pair of horns on your head.
You reflexively headbutt those who attack you in melee.


Message History

You now have enough gold to petition Gozag for potion effects.
You now have 675 gold pieces (gained 531).
You see here a +0 shortbow.
You open the door.
A troll, a centaur warrior, 2 boulder beetles, a tengu conjurer and an eight-headed hydra come into view.
The troll shouts!
The centaur warrior shouts!
The tengu conjurer shouts!
The boulder beetle curls into a ball and begins rolling!
The boulder beetle hits you.
The boulder beetle stops rolling and uncurls.
There is an open door here.
You hit the boulder beetle but do no damage.
Your weapon exudes an aura of protection.
You headbutt the boulder beetle, but do no damage.
The boulder beetle bites you!!
You completely miss the boulder beetle.
You headbutt the boulder beetle, but do no damage.
You hit the boulder beetle. You headbutt the boulder beetle!
The boulder beetle is lightly wounded.
The boulder beetle bites you!
You hit the boulder beetle. You headbutt the boulder beetle.
The boulder beetle is moderately wounded.
The boulder beetle bites you!
The boulder beetle leaps!
You hit the boulder beetle but do no damage.
You headbutt the boulder beetle, but do no damage.
The boulder beetle is moderately wounded.
The boulder beetle bites you!
* * * LOW HITPOINT WARNING * * *
You slice the boulder beetle!!
The boulder beetle is severely wounded.
You slash the boulder beetle!
The boulder beetle is severely wounded.
The boulder beetle curls into a ball and begins rolling!
The boulder beetle leaps!
You slash the troll!
The troll is moderately wounded.
The boulder beetle leaps!
The troll bites you!
* * * LOW HITPOINT WARNING * * *
The troll claws you but does no damage. The troll claws you.
You die...
Your body crumbles into a pile of gold.

▓.▓
▓'▓
$
▓)▓
$
▓B▓
$
▓.▓
$
▓○▓
$ $
▓○▓
$
▓B▓
$
▓@▓
▓T▓
▓c▓
▓.▓
▓D▓
▓Q▓
▓.▓
▓+▓


You could see 2 boulder beetles, an eight-headed hydra, a centaur warrior, a
troll and a tengu conjurer.

Vanquished Creatures
  2 trolls (D)
  A wyvern (D)
  A vampire mosquito (D)
  A steam dragon (D)
  A centaur (D)
  An ogre (D)
  A hound (D)
  An iguana (D)
  2 adders (D)
  A gnoll (D)
  An endoplasm (D)
  2 hobgoblins (D)
  A frilled lizard (D)
16 creatures vanquished.

Notes
Turn   | Place    | Note
-------+----------+-------------------------------------------
     0 | D        | Heoruswealwe the Minotaur Fighter began the quest for the
                  | Orb.
     0 | D        | Reached XP level 1. HP: 19/19 MP: 0/0
     6 | D        | Reached skill level 3 in Polearms
    14 | D        | Reached skill level 4 in Polearms
    14 | D        | Reached XP level 2. HP: 28/28 MP: 1/1
    19 | D        | Noticed an ogre
    30 | D        | Reached skill level 5 in Polearms
    30 | D        | Reached skill level 5 in Armour
    32 | D        | Reached skill level 5 in Fighting
    32 | D        | Reached skill level 6 in Polearms
    32 | D        | Reached XP level 3. HP: 36/36 MP: 2/2
    41 | D        | Killed an ogre
    42 | D        | Reached skill level 8 in Polearms
    42 | D        | Reached XP level 4. HP: 47/47 MP: 3/3
    42 | D        | Reached XP level 5. HP: 52/52 MP: 4/4
    46 | D        | Reached skill level 9 in Polearms
    52 | D        | Found a snail-covered altar of Cheibriados.
    52 | D        | Found a shadowy altar of Dithmenos.
    52 | D        | Found a white marble altar of Elyvilon.
    52 | D        | Found a blossoming altar of Fedhas.
    52 | D        | Found an opulent altar of Gozag.
    63 | D        | Found a hazy altar of Hepliaklqana.
    64 | D        | Found a viscous altar of Jiyva.
    65 | D        | Found an ancient bone altar of Kikubaaqudgha.
    66 | D        | Found a corrupted altar of Lugonu.
    67 | D        | Found a burning altar of Makhleb.
    68 | D        | Found a sparkling altar of Nemelex Xobeh.
    69 | D        | Found an iron altar of Okawaru.
    70 | D        | Became a worshipper of Gozag Ym Sagoz the Greedy
    71 | D        | Found a stormy altar of Qazlal.
    72 | D        | Found a sacrificial altar of Ru.
    73 | D        | Found a shimmering blue altar of Sif Muna.
    74 | D        | Found a bloodstained altar of Trog.
    75 | D        | Found a hide-covered altar of Uskayaw.
    76 | D        | Found a radiant altar of Vehumet.
    77 | D        | Found an ornate altar of the Wu Jian Council.
    78 | D        | Found a shimmering altar of Xom.
    79 | D        | Found a basalt altar of Yredelemnul.
    80 | D        | Found a glowing silver altar of Zin.
    81 | D        | Found a glowing golden altar of the Shining One.
   137 | D        | Noticed a troll
   137 | D        | Noticed a centaur
   137 | D        | Noticed a wyvern
   137 | D        | Noticed a vampire mosquito
   137 | D        | Noticed a troll
   137 | D        | Noticed a steam dragon
   141 | D        | Killed a troll
   142 | D        | Reached skill level 12 in Polearms
   142 | D        | Reached XP level 6. HP: 40/63 MP: 5/5
   149 | D        | Killed a wyvern
   150 | D        | Reached skill level 10 in Fighting
   150 | D        | Reached skill level 13 in Polearms
   150 | D        | Reached skill level 10 in Armour
   150 | D        | Reached XP level 7. HP: 33/72 MP: 6/6
   154 | D        | Killed a vampire mosquito
   159 | D        | Killed a troll
   160 | D        | Reached skill level 14 in Polearms
   160 | D        | Killed a steam dragon
   161 | D        | Reached XP level 8. HP: 27/82 MP: 7/7
   336 | D        | Noticed a boulder beetle
   336 | D        | Noticed a troll
   336 | D        | Noticed a centaur warrior
   336 | D        | Noticed a boulder beetle
   336 | D        | Noticed a tengu conjurer
   336 | D        | Noticed an eight-headed hydra
   345 | D        | Slain by a troll

Illustrated notes

Levels and vault maps discovered:
D:        linesprint [early_d, line_temple, items_1, d_10, items_2, lair_1,
          lair_end, items_3, orc_1, orc_end, items_4, d_15, swamp_1, shoals_1,
          snake_1, spider_1, d_20, vaults_1, items_5, swamp_end, shoals_end,
          snake_end, spider_end, vaults_end, d_27, items_6, zot_1, zot_end,
          crypt_end, forest_end, elf_end, slime_end, tomb_end, abyss_end,
          pan_hell_end]

Skill      XL: |  1  2  3  4  5  6  7 |
---------------+----------------------+-----
Polearms       | 4 6 8 12 13 14 | 14.9
Fighting       | 4 5 7 9 10 11 | 11.2
Armour         | 4 5 7 9 10 11 | 11.2
Shields        | |  3.6

Action                     |  1- 3 |  4- 6 |  7- 9 || total
---------------------------+-------+-------+-------++-------
  Melee: Trident           |    29 |     4 |       ||    33
         Headbutt          |     1 |     5 |     6 ||    12
         Halberd           |       |    11 |    19 ||    30
    Use: Potion            |     1 |       |       ||     1
 Armour: Scale mail        |     9 |     1 |       ||    10
         Ring mail         |       |     9 |    10 ||    19
  Dodge: Dodged            |    14 |     9 |     3 ||    26
  Block: Buckler           |     4 |       |       ||     4
